 Dungeon Crawl Stone Soup version 0.19-a0-414-g76fec5b (webtiles) character file.

428 wvc the Chopper (level 6, -1/47 HPs)
             Began as a Mummy Wanderer on May 31, 2016.
             Was a Follower of Cheibriados.
             Slain by an ogre
             ... wielding a +0 giant club
              (9 damage)
             ... on level 4 of the Dungeon.
             The game lasted 00:08:56 (4064 turns).

wvc the Chopper (Mummy Wanderer)                    Turns: 4064, Time: 00:08:56

Health: -1/47      AC:  8    Str: 18    XL:     6   Next: 65%
Magic:  6/6        EV: 11    Int: 15    God:    Cheibriados [*.....]
Gold:   166        SH:  0    Dex: 13    Spells: 0 memorised, 5 levels left

rFire  x . .     SeeInvis .     a - +1 hand axe
rCold  + + .     Gourm    .     e - +1 ring mail
rNeg   + + +     Faith    .     (no shield)
rPois  ∞         Spirit   .     (no helmet)
rElec  .         Dismiss  .     (no cloak)
rCorr  .         Reflect  .     f - +0 pair of gloves
SustAt .         Harm     .     o - +0 pair of boots
MR     .....                    (no amulet)
Stlth  +.........               (no ring)
                                j - ring of protection from cold

@: very slow, not resistant to hostile enchantments, very unstealthy
A: no food or potions, fire vulnerability, cold resistance 1, negative energy
resistance 3, torment resistance, unbreathing
a: Bend Time, Renounce Religion


You were on level 4 of the Dungeon.
You worshipped Cheibriados.
Cheibriados was aware of your devotion.
You were not hungry.

You visited 1 branch of the dungeon, and saw 4 of its levels.
You also visited: Sewer.

You collected 166 gold pieces.

Inventory:

Hand Weapons
 a - a +1 hand axe (weapon)
 b - a +0 blowgun
Missiles
 g - 4 tomahawks (quivered)
 n - 64 poisoned needles
Armour
 e - a +1 ring mail (worn)
 f - a +0 pair of gloves (worn)
 o - a +0 pair of boots (worn)
Jewellery
 j - a ring of protection from cold (left hand)
Scrolls
 c - 2 scrolls of remove curse
 d - a scroll of magic mapping
 i - 3 scrolls of recharging
 m - a scroll of teleportation
 p - a scroll of blinking
Books
 h - a book of Flames

   Spells                             Type                      Level
   a - Flame Tongue                   Conjuration/Fire             1
   b - Throw Flame                    Conjuration/Fire             2
   c - Conjure Flame                  Conjuration/Fire             3
   d - Inner Flame                    Hexes/Fire                   3
   e - Sticky Flame                   Conjuration/Fire             4
   f - Fireball                       Conjuration/Fire             5


   Skills:
 - Level 3.0 Fighting
 * Level 6.0 Axes
   Level 1.0 Bows
 - Level 1.0 Armour
 - Level 1.4 Dodging
 - Level 1.5 Stealth


You had 5 spell levels left.
You didn't know any spells.

Dungeon Overview and Level Annotations

Branches:
Dungeon (4/15)
 Temple: D:4-7

Altars:
Cheibriados
Dithmenos
Fedhas
Makhleb
Uskayaw


Innate Abilities, Weirdness & Mutations

You do not eat or drink.
Your flesh is vulnerable to fire.
You are immune to poison.
Your flesh is cold resistant. (rC+)
You are immune to negative energy. (rN+++)
You are immune to unholy pain and torment.
You can survive without breathing.


Message History

The ogre looks even sicker.
The ogre is lightly wounded.
The ogre hits you with a giant club!
Firing (i - inventory. (,) - cycle):
n - 65 poisoned needles (quivered)
Press: ? - help, Shift-Dir - straight line, f/p - ogre
Aim: an ogre, wielding a giant club (lightly wounded, poisoned)
You shoot a poisoned needle.
The poisoned needle barely misses the ogre.
The ogre closely misses you.
a - a +1 hand axe (weapon)
The ogre barely misses you. The ogre hits you but does no damage.
You see here a hand axe.
The ogre hits you with a giant club!!
Ouch! That really hurt!
* * * LOW HITPOINT WARNING * * *
You closely miss the ogre.
The ogre is almost dead.
The ogre hits you with a giant club!
You die...

# ################# #
..#####...).O@........#
#
..........#####.#####.#
## .#####.###
#.##.##.#######. #.#
#####.#...#.........
#.#
#).........########.
#.# #.###.#...## ##
#.(.......##.## #
#####.######.# # #.# #


You could see an ogre.

Vanquished Creatures
  An ogre (D:4)
  A big kobold (Sewer)
  A scorpion (D:4)
  An orc priest (D:3)
  A worker ant (D:4)
  8 adders
  A shadow imp (D:4)
  A dart slug (D:1)
  A giant gecko (D:2)
  4 orcs
  A ball python (D:1)
  5 giant cockroaches
  10 goblins
  11 hobgoblins
  8 jackals
  3 quokkas
  4 bats
  5 giant newts
  8 kobolds
  16 rats
91 creatures vanquished.

Notes
Turn   | Place    | Note
--------------------------------------------------------------
     0 | D:1      | wvc the Mummy Wanderer began the quest for the Orb.
     0 | D:1      | wvc set off with: a +2 scale mail, a scroll of teleportation, a +0 hand axe, a +0 dagger
     0 | D:1      | Reached XP level 1. HP: 18/18 MP: 1/1
   201 | D:1      | Reached XP level 2. HP: 24/24 MP: 2/2
   247 | D:1      | Reached skill level 3 in Axes
   678 | D:1      | Reached XP level 3. HP: 29/29 MP: 3/3
   944 | D:2      | Found a shadowy altar of Dithmenos.
  1038 | D:2      | Found a snail-covered altar of Cheibriados.
  1098 | D:2      | You fall through a shaft for 2 floors!
  1418 | D:3      | Reached XP level 4. HP: 30/35 MP: 4/4
  1467 | D:3      | Found a glowing drain.
  1475 | Sewer    | Entered a sewer
  1529 | Sewer    | Noticed a big kobold
  1547 | Sewer    | Reached skill level 1 in Dodging
  1559 | Sewer    | Killed a big kobold
  1559 | Sewer    | Reached skill level 4 in Axes
  1559 | Sewer    | Reached XP level 5. HP: 22/41 MP: 5/5
  1722 | Sewer    | Found a glowing silver altar of Zin.
  1800 | D:3      | Noticed an orc warrior
  1870 | D:2      | Became a worshipper of Cheibriados the Contemplative
  2091 | D:3      | Found a burning altar of Makhleb.
  2116 | D:3      | Found a hide-covered altar of Uskayaw.
  2157 | D:3      | Found a blossoming altar of Fedhas.
  2524 | D:3      | Reached skill level 5 in Axes
  2975 | D:2      | Reached * piety under Cheibriados
  3006 | D:2      | Found a faded altar of an unknown god.
  3329 | D:4      | Reached XP level 6. HP: 47/47 MP: 6/6
  3913 | D:4      | Reached skill level 6 in Axes
  4064 | D:4      | Slain by an ogre

Vault maps used:
D:1:      lemuel_arrival_river_ford
D:2:      lemuel_doored_altar, nicolae_overflow_hidden_temple,
          ecumenical_altar_1
D:3:      nicolae_overflow_crystal_walls, old_standard_altar,
          lightli_sewer_entry_pipes, first_bread, fedhas_altar_4
Sewer:    sewer_kobolds

Skill      XL: |  1  2  3  4  5  6 |
---------------+-------------------+-----
Axes           | 3 4 5 6 |  6.0
Dodging        | 1 |  1.4
Fighting       | |  3.0
Bows           | |  1.0
Armour         | |  1.0
Stealth        | |  1.5

Action                   |  1- 3 |  4- 6 || total
-------------------------+-------+-------++-------
Melee: Hand axe          |   147 |   186 ||   333
 Fire: Blowgun           |       |    23 ||    23
Throw: Tomahawk          |       |     2 ||     2
Invok: Bend Time         |       |     2 ||     2
  Use: Scroll            |     3 |     5 ||     8
Armor: Ring mail         |    59 |   101 ||   160
Dodge: Dodged            |    88 |   122 ||   210
